 Dungeon Crawl Stone Soup version 0.18.1-50-g88ac8fd (webtiles) character file.

133 varam the Caller (level 4, -7/24 HPs)
             Began as a Deep Elf Summoner on Oct 10, 2016.
             Killed from afar by Sigmund (12 damage)
             ... with a puff of flame
             ... on level 3 of the Dungeon.
             The game lasted 00:13:52 (3027 turns).

varam the Caller (Deep Elf Summoner)                Turns: 3027, Time: 00:13:53

Health: -7/24      AC:  2    Str:  5    XL:     4   Next: 94%
Magic:  4/10       EV: 12    Int: 21    God:
Gold:   76         SH:  0    Dex: 17    Spells: 3 memorised, 3 levels left

rFire  . . .     SeeInvis .     m - +2 whip (pain)
rCold  . . .     Gourm    .     a - +0 robe
rNeg   . . .     Faith    .     (no shield)
rPois  .         Spirit   .     (no helmet)
rElec  .         Dismiss  .     (no cloak)
rCorr  .         Reflect  .     (no gloves)
SustAt .         Harm     .     (no boots)
MR     .....                    c - amulet of rage
Stlth  ++........               (no ring)
                                k - +2 ring of dexterity

@: drained, not resistant to hostile enchantments, unstealthy
A: no striking features
a: Evoke Berserk Rage


You were on level 3 of the Dungeon.
You were hungry.

You visited 1 branch of the dungeon, and saw 3 of its levels.

You collected 76 gold pieces.

Inventory:

Hand Weapons
 g - a +2 dagger of speed
 m - a +2 whip of pain (weapon)
Armour
 a - a +0 robe (worn)
Jewellery
 c - an amulet of rage (around neck)
 d - an uncursed amulet of harm
 k - a +2 ring of dexterity (left hand)
Wands
 f - a wand of flame (19/48)
Scrolls
 e - 2 scrolls of recharging {unknown}
 i - a scroll of magic mapping {unknown}
 j - 2 scrolls of identify {unknown}
 l - a scroll of enchant weapon {unknown}
 r - a scroll of amnesia {unknown}
Potions
 h - 4 potions of curing
 n - a potion of heal wounds {unknown}
 q - a potion of brilliance {unknown}
Books
 b - a book of Callings

   Spells                             Type                      Level
   a - Summon Small Mammal            Summoning                    1
   b - Call Imp                       Summoning                    2
   c - Call Canine Familiar           Summoning                    3
   d - Summon Guardian Golem          Hexes/Summoning              3
   e - Summon Lightning Spire         Summoning/Air                4
   f - Summon Ice Beast               Ice/Summoning                4
Comestibles
 o - 2 meat rations


   Skills:
 - Level 0.7(0.0) Fighting
 - Level 2.1(1.3) Short Blades
 - Level 2.4(1.6) Dodging
 - Level 2.4(1.6) Stealth
 + Level 3.0(2.2) Spellcasting
 + Level 6.2(5.3) Summonings


You had 3 spell levels left.
You knew the following spells:

 Your Spells              Type           Power        Failure   Level  Hunger
a - Summon Small Mammal   Summ           ###.         1%          1    #......
b - Call Imp              Summ           ###.....     2%          2    ##.....
c - Call Canine Familiar  Summ           ###.....     6%          3    ###....


Dungeon Overview and Level Annotations

Branches:
Dungeon (3/15)

Altars:
Cheibriados

Annotations:
D:3 Sigmund


Message History

You see here 2 potions of curing.
h - 4 potions of curing (gained 2) Sigmund closely misses you.
Casting: Call Canine Familiar
Confirm with . or Enter, or press ? or * to list all spells.
You are feeling hungry.
Your hound disappears in a puff of smoke!
Sigmund hits you from afar with a scythe!
Casting: Call Canine Familiar
Confirm with . or Enter, or press ? or * to list all spells.
Your hound disappears in a puff of smoke!
A giant cockroach comes into view.
Sigmund points at you and mumbles some strange words.
The puff of flame hits you!
* * * LOW HITPOINT WARNING * * *
Your hound closely misses Sigmund.
Sigmund gestures at you while chanting. The puff of flame hits you!
Ouch! That really hurt!
You die...

..........S..ยง.....#
#.####..
........w#####.#...#
#..##... .#.......#
#.#...####...... ..#####.##
#.#...).........
#.######.#...#####.....
.####.@..........##....#.##
.....h..........###.####...
#####.......######..# ###.
#...#..@.# ##..## ##
#.#....#.## #..## #####
#..#....#..###.## #....
#..##....##.....# #.... ...
#....######## #.... ###
###### #.... ##### # #


You could see Sigmund and a friendly hound.

Vanquished Creatures
  An ooze (D:2)
  A dart slug (D:1)
  2 giant geckos (D:1)
  An orc (D:3)
  A ball python (D:3)
  A giant cockroach (D:1)
  10 goblins
  4 hobgoblins
  A quokka (D:3)
  2 bats
  5 giant newts
  3 kobolds
  10 rats
42 creatures vanquished.

Vanquished Creatures (collateral kills)
  Ijyb (D:3)
  Robin (D:3)
  5 adders
  2 oozes
  2 worms
  A dart slug (D:1)
  2 giant geckos
  5 orcs (D:3)
  2 giant cockroaches
  4 goblins
  4 hobgoblins
  4 jackals (D:2)
  A quokka (D:2)
  A giant newt (D:2)
  5 rats
40 creatures vanquished.

Vanquished Creatures (others)
  4 toadstools (D:1)
4 creatures vanquished.

Grand Total: 86 creatures vanquished

Notes
Turn   | Place    | Note
--------------------------------------------------------------
     0 | D:1      | varam the Deep Elf Summoner began the quest for the Orb.
     0 | D:1      | Reached XP level 1. HP: 10/10 MP: 6/6
   237 | D:1      | Reached XP level 2. HP: 9/15 MP: 5/8
   246 | D:1      | Learned a level 2 spell: Call Imp
   272 | D:1      | Reached skill level 5 in Summonings
   769 | D:1      | Reached XP level 3. HP: 19/19 MP: 9/9
  1568 | D:2      | Learned a level 3 spell: Call Canine Familiar
  1914 | D:2      | Reached XP level 4. HP: 14/24 MP: 10/10
  2049 | D:2      | Found a snail-covered altar of Cheibriados.
  2464 | D:3      | Reached skill level 1 in Short Blades
  2608 | D:3      | Noticed Robin
  2608 | D:3      | Killed Robin
  2608 | D:3      | Reached skill level 6 in Summonings
  2646 | D:3      | Noticed Ijyb
  2658 | D:3      | Killed Ijyb
  2821 | D:3      | Noticed Sigmund
  3027 | D:3      | Killed from afar by Sigmund

Skill      XL: |  1  2  3  4 |
---------------+-------------+-----
Summonings     | 5 6 |  6.2
Short Blades   | 2 |  2.1
Fighting       | |  0.7
Dodging        | |  2.4
Stealth        | |  2.4
Spellcasting   | |  3.0

Action                   |  1- 3 |  4- 6 || total
-------------------------+-------+-------++-------
Melee: Dagger            |    59 |       ||    59
       Whip              |    51 |    36 ||    87
 Cast: Summon Small Mamm |     9 |       ||     9
       Call Imp          |    11 |     5 ||    16
       Call Canine Famil |     4 |    13 ||    17
  Use: Potion            |     1 |       ||     1
 Stab: Sleeping          |     8 |     4 ||    12
       Distracted        |       |     1 ||     1
  Eat: Chunk             |     4 |       ||     4
       Bread ration      |       |     1 ||     1
Armor: Robe              |     7 |     7 ||    14
Dodge: Dodged            |    57 |    24 ||    81
